[Event "Titled Tuesday Blitz May 4 2021"]
[White "Kaufman, Raymond"]
[Black "Radu, David Cr."]
[WhiteFideId "2015056"]
[BlackFideId "1265717"]
[WhiteElo "2321"]
[BlackElo "1596"]
[Result "1/2-1/2"]
[Round "09"]
[TimeControl "180+1"]
[Date "2021.05.04"]
[WhiteClock "0:00:06"]
[BlackClock "0:00:02"]

1. e4 c5 2. Nf3 d6 3. Bb5+ Bd7 4. c4 Bxb5 5. cxb5 e5 6. O-O Nf6 7. Nc3 Be7 8. d3 O-O 9. Nd2 a6 10. Nc4 axb5 11. Nxb5 Nc6 12. f4 exf4 13. Bxf4 d5 14. Ncd6 Qb6 15. e5 Bxd6 16. Nxd6 Nd7 17. Qh5 g6 18. Qh6 Ncxe5 19. Nf5 gxf5 20. Qxb6 Nxb6 21. Bxe5 Rfe8 22. Rxf5 Re6 23. Raf1 Rae8 24. Bc7 Na8 25. Rxf7 Nxc7 26. Rxc7 b6 27. h3 Rg6 28. g4 h5 29. Rf4 hxg4 30. Rxg4 Rxg4+ 31. hxg4 Re3 32. Rc6 Rxd3 33. Rxb6 Rg3+ 34. Kf2 Rxg4 35. Rc6 Rc4 36. Ke3 Rc2 37. b4 d4+ 38. Kf3 Rc3+ 39. Ke4 cxb4 40. Rb6 Re3+ 41. Kxd4 Ra3 42. Rxb4 Rxa2 43. Rb8+ Kg7 44. Rb7+ Kg6 45. Rb6+ Kg5 46. Rb4 Rd2+ 47. Kc3 Rd8 48. Rb5+ Kf4 49. Rb4+ Kf3 50. Rd4 Rc8+ 51. Kd3 Kf2 52. Rd7 Ra8 53. Rf7+ Kg3 54. Rg7+ Kf4 55. Rf7+ Ke5 1/2-1/2


[Site "https://www.chess.com"]

[Event "Titled Tuesday Blitz May 4 2021"]
[White "Kazakouski, Valery"]
[Black "Shapiro, David"]
[WhiteFideId "13507443"]
[BlackFideId "24133523"]
[WhiteElo "2546"]
[BlackElo "2261"]
[Result "0-1"]
[Round "09"]
[TimeControl "180+1"]
[Date "2021.05.04"]
[WhiteClock "0:00:04"]
[BlackClock "0:00:09"]

1. d4 d5 2. c4 e6 3. Nf3 Nf6 4. g3 Bb4+ 5. Bd2 Be7 6. Bg2 O-O 7. O-O Ne4 8. Qc2 Nd7 9. cxd5 exd5 10. Bf4 c6 11. Nc3 g5 12. Bc1 f5 13. b3 Bf6 14. e3 g4 15. Ne1 h5 16. Nd3 h4 17. Rd1 Rf7 18. Nf4 hxg3 19. hxg3 Rh7 20. a4 Nf8 21. Ba3 Ne6 22. Nxe4 fxe4 23. Nxe6 Bxe6 24. b4 Qe8 25. b5 Rc8 26. bxc6 bxc6 27. Rdb1 Qh5 28. Rb3 Qh2+ 29. Kf1 Rf7 30. Rab1 Bh4 31. gxh4 g3 32. f4 Bh3 33. Rb8 Qh1+ 34. Ke2 Qxg2+ 35. Kd1 Qf1+ 36. Kd2 g2 37. Rxc8+ Bxc8 38. Qd1 Qf2+ 39. Kc3 Qxe3+ 40. Kb2 Qf2+ 41. Ka1 Qf3 42. Qg1 Qxa3# 0-1


[Site "https://www.chess.com"]

[Event "Titled Tuesday Blitz May 4 2021"]
[White "Kett, Tim"]
[Black "Pesotskiy, Mikhail"]
[WhiteFideId "1801210"]
[BlackFideId "34164453"]
[WhiteElo "2098"]
[BlackElo "2052"]
[Result "0-1"]
[Round "09"]
[TimeControl "180+1"]
[Date "2021.05.04"]
[WhiteClock "0:00:01"]
[BlackClock "0:00:08"]

1. e4 e6 2. d4 d5 3. Nc3 Bb4 4. e5 c5 5. Qg4 Bxc3+ 6. bxc3 Ne7 7. Qxg7 Rg8 8. Qxh7 Qa5 9. Bd2 Nbc6 10. Nf3 Bd7 11. h4 O-O-O 12. Qxf7 Rdf8 13. Qh7 Nf5 14. h5 Qb6 15. h6 cxd4 16. Bd3 dxc3 17. Bxc3 Rxg2 18. O-O-O Rxf2 19. Bxf5 Rxf5 20. Nd4 Qc5 21. Qxf5 exf5 22. h7 Qxc3 23. h8=Q+ Nd8 24. Kb1 Ba4 25. Rc1 Qxd4 26. e6 Qxh8 27. Rxh8 Re2 0-1


[Site "https://www.chess.com"]

[Event "Titled Tuesday Blitz May 4 2021"]
[White "Kononenko, Dmitry"]
[Black "Lomaia, Diana"]
[WhiteFideId "14113538"]
[BlackFideId "13612476"]
[WhiteElo "2289"]
[BlackElo "1742"]
[Result "0-1"]
[Round "09"]
[TimeControl "180+1"]
[Date "2021.05.04"]
[WhiteClock "0:00:11"]
[BlackClock "0:00:06"]

1. d4 d5 2. c4 dxc4 3. e4 Nc6 4. Nf3 Bg4 5. Bxc4 Bxf3 6. Qxf3 e6 7. O-O Nxd4 8. Qd3 Nc6 9. Qg3 Qd6 10. Bf4 Qc5 11. Na3 e5 12. Be3 Qe7 13. Rfd1 Nf6 14. Bd5 Nxd5 15. exd5 Nb4 16. Nb5 Rd8 17. Rac1 Nxd5 18. Rxd5 Rxd5 19. a4 c6 20. Nc3 Rd3 21. h3 f5 22. Qf3 Qd7 23. Qh5+ g6 24. Qg5 Bg7 25. Bc5 b6 26. Ba3 c5 27. b4 O-O 28. bxc5 Rc8 29. Kh2 bxc5 30. h4 e4 31. g3 Rxc3 32. Rxc3 Bxc3 33. Qc1 Qd2 34. Qf1 Rd8 35. Bxc5 Qd5 36. Be3 Bd4 37. Bf4 Rc8 38. Qd1 Qc5 39. h5 Bxf2 40. Qd7 Bg1+ 41. Kh3 Qc6 42. Qe7 Re8 43. Qb4 e3 44. Qb3+ Qe6 45. Qd1 e2 46. Qe1 Bf2 47. Qxf2 e1=Q 48. Qf3 Q6e4 49. Qb3+ Kh8 50. Kh4 Q1h1+ 51. Kg5 Qxh5+ 52. Kf6 Qe7# 0-1


[Site "https://www.chess.com"]

[Event "Titled Tuesday Blitz May 4 2021"]
[White "Kopjonkin, Kirill"]
[Black "Kraemer, Martin"]
[WhiteFideId "24140090"]
[BlackFideId "4671910"]
[WhiteElo "2224"]
[BlackElo "2482"]
[Result "1-0"]
[Round "09"]
[TimeControl "180+1"]
[Date "2021.05.04"]
[WhiteClock "0:00:07"]
[BlackClock "0:00:01"]

1. e4 e5 2. Nf3 Nc6 3. Bc4 Bc5 4. d3 Nf6 5. c3 O-O 6. Nbd2 d6 7. O-O a6 8. Bb3 h6 9. h3 Re8 10. Re1 Be6 11. Bc2 d5 12. exd5 Qxd5 13. Nf1 Rad8 14. Ng3 Bf8 15. Qe2 g6 16. Ne4 Nxe4 17. dxe4 Qb5 18. Nd2 Qxe2 19. Rxe2 h5 20. Nb3 Bc4 21. Re1 f6 22. Be3 a5 23. Rad1 a4 24. Nc5 Bxc5 25. Bxc5 b5 26. b3 axb3 27. axb3 Be6 28. Kf1 Na5 29. Rb1 Rd2 30. Re2 Red8 31. Ke1 Rxe2+ 32. Kxe2 Kf7 33. h4 Nb7 34. Be3 Ra8 35. Kd2 Ra2 36. Kc1 Nd6 37. Rb2 Ra1+ 38. Rb1 Ra2 39. Rb2 Ra1+ 40. Rb1 Ra8 41. Kb2 f5 42. exf5 Bxf5 43. Bxf5 gxf5 44. g3 Ke6 45. Re1 Kd5 46. Bg5 Ne4 47. Be3 c5 48. Rd1+ Ke6 49. f3 Nxg3 50. Bxc5 f4 51. b4 e4 52. fxe4 Nxe4 53. Bd4 Kf5 54. Rg1 f3 55. Rg7 Rf8 56. Rb7 Kg4 57. Rxb5 f2 58. Bxf2 Rxf2+ 59. Kb3 Nd2+ 60. Ka4 Kxh4 61. Rd5 Kg4 62. b5 Nc4 63. Rd4+ Rf4 64. Rxf4+ Kxf4 65. Kb4 Nd6 66. Kc5 Nb7+ 67. Kc6 Nd8+ 68. Kd7 Nb7 69. Kc6 Na5+ 70. Kb6 Nb3 71. c4 h4 72. c5 h3 73. c6 h2 74. c7 h1=Q 75. c8=Q Qg1+ 76. Kb7 Nc5+ 77. Kc6 Ne4 78. Qf8+ Ke3 79. b6 Qc1+ 80. Kb7 Qc4 81. Qe8 Kd4 82. Qc6 Nc5+ 83. Kc8 Qg8+ 84. Kc7 Qf7+ 85. Kb8 Qf4+ 86. Qc7 Na6+ 87. Kb7 1-0


[Site "https://www.chess.com"]

[Event "Titled Tuesday Blitz May 4 2021"]
[White "Korchmar, Vasiliy"]
[Black "Timmermans, Mark"]
[WhiteFideId "24131750"]
[BlackFideId "1026399"]
[WhiteElo "2370"]
[BlackElo "2460"]
[Result "0-1"]
[Round "09"]
[TimeControl "180+1"]
[Date "2021.05.04"]
[WhiteClock "0:00:02"]
[BlackClock "0:01:02"]

1. d4 Nf6 2. Nf3 e6 3. Bf4 d5 4. e3 Bd6 5. Bg3 O-O 6. Nbd2 b6 7. c3 Bb7 8. Bd3 Ne4 9. Qe2 Nd7 10. O-O-O f5 11. Bc2 a5 12. Nxe4 fxe4 13. Ne5 Bxe5 14. dxe5 Ba6 15. Qg4 Qe8 16. f3 Nc5 17. fxe4 dxe4 18. Bxe4 Qa4 19. Rd4 Qxa2 20. Bxa8 Nd3+ 21. Rxd3 Bxd3 22. Kd2 Bf5 23. Qd4 Qxb2+ 24. Ke1 Qa1+ 25. Kf2 Qxh1 26. Bf3 Qb1 27. Bh4 h6 28. Be7 Rf7 29. Qd8+ Kh7 30. Qe8 Bg6 0-1


[Site "https://www.chess.com"]

[Event "Titled Tuesday Blitz May 4 2021"]
[White "Kovacs, Klara"]
[Black "Donatti, Alvaro"]
[WhiteFideId "733210"]
[BlackFideId "3000303"]
[WhiteElo "2120"]
[BlackElo "2138"]
[Result "1-0"]
[Round "09"]
[TimeControl "180+1"]
[Date "2021.05.04"]
[WhiteClock "0:02:02"]
[BlackClock "0:01:13"]

1. Nf3 c5 2. g3 Nc6 3. Bg2 Nf6 4. c4 g6 5. O-O Bg7 6. Nc3 O-O 7. b3 d6 8. Bb2 a6 9. d4 cxd4 10. Nxd4 Qc7 11. Rc1 Nxd4 12. Qxd4 Be6 13. Rfd1 Rac8 14. h4 Qa5 15. Bxb7 Rc7 16. Bg2 Ng4 17. Qd2 Nf6 18. Nd5 Nxd5 19. Qxa5 1-0


[Site "https://www.chess.com"]

[Event "Titled Tuesday Blitz May 4 2021"]
[White "Kovalev, Vladislav"]
[Black "Svidler, Peter"]
[WhiteFideId "13504398"]
[BlackFideId "4102142"]
[WhiteElo "2573"]
[BlackElo "2754"]
[Result "0-1"]
[Round "09"]
[TimeControl "180+1"]
[Date "2021.05.04"]
[WhiteClock "0:00:04"]
[BlackClock "0:00:03"]

1. e4 c5 2. Be2 Nf6 3. d3 d5 4. e5 Nfd7 5. f4 e6 6. Nf3 Nc6 7. O-O b5 8. c3 a5 9. Kh1 g6 10. Be3 b4 11. c4 Ne7 12. Nbd2 Bb7 13. Bf2 Nf5 14. cxd5 Bxd5 15. Ne4 h5 16. Nfd2 Be7 17. Nc4 Kf8 18. Rc1 Kg7 19. Bf3 a4 20. Qe2 Qb8 21. Ned2 Qb7 22. Ne4 Rhd8 23. Rfd1 Qa6 24. Qe1 Rac8 25. Qe2 Nb6 26. Qf1 Ba8 27. g3 Bc6 28. Kg1 Nxc4 29. dxc4 Qa8 30. Qe2 b3 31. a3 Nd4 32. Bxd4 cxd4 33. Qd3 Qa7 34. Nd2 Be8 35. Kg2 Rc7 36. Be4 Rdc8 37. Qe2 Qa5 38. Nf3 Qa6 39. Rxd4 Qb6 40. Rcd1 Bc5 41. Rd6 Bxd6 42. exd6 Rxc4 43. Ne5 Rc2 44. Bxc2 bxc2 45. Rc1 Qxd6 46. Rxc2 Rb8 47. Qd2 Qxd2+ 48. Rxd2 f6 49. Nf3 Bc6 50. Kf2 Bd5 51. Nd4 Kf7 52. Ne2 Ke7 53. Nc3 Bc6 54. Ke3 e5 55. fxe5 fxe5 56. Rf2 Ke6 57. Rd2 g5 58. Rf2 g4 59. Rd2 h4 60. Rf2 hxg3 61. hxg3 Rh8 62. Ne4 Rh1 63. Rf6+ Kd7 64. Rf7+ Kd8 65. Nd6 Rg1 66. Rg7 Rxg3+ 67. Kd2 Rg2+ 68. Kc3 g3 69. Nf7+ Ke8 70. Nxe5 Bd5 71. Kd4 Rd2+ 72. Kc5 g2 0-1


[Site "https://www.chess.com"]

[Event "Titled Tuesday Blitz May 4 2021"]
[White "Krivonosov, Oleg"]
[Black "AldokhinIvan"]
[WhiteFideId "11600349"]
[WhiteElo "2469"]
[BlackElo "2549"]
[Result "0-1"]
[Round "09"]
[TimeControl "180+1"]
[Date "2021.05.04"]
[WhiteClock "0:00:01"]
[BlackClock "0:00:03"]

1. Nf3 Nf6 2. c4 g6 3. Nc3 Bg7 4. e4 d6 5. d4 O-O 6. Be2 Nc6 7. O-O Re8 8. d5 Nb4 9. h3 e6 10. dxe6 Bxe6 11. Nd4 Bd7 12. a3 Na6 13. Bf3 Nc5 14. Re1 a5 15. Nb3 Nxb3 16. Qxb3 Be6 17. Bf4 Nd7 18. Be2 Nc5 19. Qc2 a4 20. Rad1 Qf6 21. Be3 Qh4 22. Bd4 Bh6 23. Bf1 Nb3 24. Be3 Bg7 25. Nb5 Qe7 26. Nd4 Nc5 27. Nxe6 Nxe6 28. Qd2 Rad8 29. Qc2 c5 30. Qxa4 Nd4 31. Bxd4 Bxd4 32. Qc2 Qf6 33. b3 Re7 34. Rd3 Rde8 35. Rf3 Qg5 36. Bd3 Kg7 37. Qc1 Qh5 38. Qd1 f5 39. Rg3 Qh4 0-1


[Site "https://www.chess.com"]

[Event "Titled Tuesday Blitz May 4 2021"]
[White "Krysa, Leandro"]
[Black "Sadhwani, Raunak"]
[WhiteFideId "116807"]
[BlackFideId "35093487"]
[WhiteElo "2490"]
[BlackElo "2514"]
[Result "1/2-1/2"]
[Round "09"]
[TimeControl "180+1"]
[Date "2021.05.04"]
[WhiteClock "0:00:08"]
[BlackClock "0:00:08"]

1. e4 d6 2. d4 Nf6 3. Nc3 g6 4. Nf3 Bg7 5. Be2 O-O 6. O-O a6 7. Re1 b5 8. e5 Nfd7 9. e6 fxe6 10. Ng5 Nb6 11. Bf3 Ra7 12. Nxe6 Bxe6 13. Rxe6 b4 14. Nd5 Nxd5 15. Bxd5 Kh8 16. Bg5 Rf5 17. Bxe7 Qd7 18. Bb3 Nc6 19. Bh4 g5 20. Qh5 Ra8 21. Bxg5 Nxd4 22. Re3 h6 23. Qh3 Nxb3 24. axb3 Kh7 25. Rae1 Qf7 26. Bxh6 Rh5 27. Bxg7 Rxh3 28. Rxh3+ Kxg7 29. Rg3+ Kh6 30. Rh3+ Kg5 31. Rg3+ Kh6 32. Rh3+ Kg7 33. Rg3+ Kh7 34. Rh3+ Kg6 35. Rg3+ Kh5 36. Rh3+ Kg6 37. Rg3+ Kh6 1/2-1/2


[Site "https://www.chess.com"]

[Event "Titled Tuesday Blitz May 4 2021"]
[White "Krzywda, Andrzej"]
[Black "Schut, Han"]
[WhiteFideId "1114565"]
[BlackFideId "1005561"]
[WhiteElo "2100"]
[BlackElo "2057"]
[Result "0-1"]
[Round "09"]
[TimeControl "180+1"]
[Date "2021.05.04"]
[WhiteClock "0:00:01"]
[BlackClock "0:00:08"]

1. e4 c5 2. Nc3 g6 3. d4 cxd4 4. Qxd4 Nf6 5. Nf3 Nc6 6. Qa4 d6 7. e5 dxe5 8. Nxe5 Bd7 9. Nxd7 Nxd7 10. Be3 Bg7 11. O-O-O Bxc3 12. bxc3 Qa5 13. Qxa5 Nxa5 14. Bb5 Nc6 15. Rhe1 O-O-O 16. Rd2 Nde5 17. Bd4 f6 18. f4 Nxd4 19. cxd4 Nc6 20. Bxc6 bxc6 21. Rxe7 Rd7 22. Rxd7 Kxd7 23. d5 c5 24. c4 Re8 25. Kd1 Re4 26. g3 Rxc4 27. Rb2 Kd6 28. Rb7 h5 29. Rxa7 Kxd5 30. Ra6 Rd4+ 31. Kc2 Rc4+ 32. Kd3 Rd4+ 33. Ke3 Re4+ 34. Kd3 Rd4+ 35. Kc3 Rc4+ 36. Kb3 Rb4+ 37. Ka3 Rb7 38. Rxf6 c4 39. f5 gxf5 40. Rxf5+ Kd4 41. Rxh5 Kc3 42. Ka4 Ra7+ 43. Kb5 Rxa2 44. Rc5 Rb2+ 45. Kc6 Kd4 46. h4 c3 47. g4 Kd3 48. h5 Rb4 49. Rxc3+ Kxc3 50. g5 Rh4 51. h6 Rg4 0-1


[Site "https://www.chess.com"]

[Event "Titled Tuesday Blitz May 4 2021"]
[White "Kubatko, Ivan"]
[Black "ValeriyGrinev"]
[WhiteFideId "24111473"]
[WhiteElo "2285"]
[BlackElo "2629"]
[Result "0-1"]
[Round "09"]
[TimeControl "180+1"]
[Date "2021.05.04"]
[WhiteClock "0:00:01"]
[BlackClock "0:00:33"]

1. e4 c5 2. c3 Nf6 3. e5 Nd5 4. g3 d6 5. exd6 e6 6. Nf3 Nc6 7. Bg2 Bxd6 8. O-O O-O 9. d4 Nf6 10. Na3 cxd4 11. Nb5 Bc5 12. Nfxd4 Bxd4 13. Nxd4 Nxd4 14. Qxd4 Qxd4 15. cxd4 Rd8 16. Rd1 Nd5 17. Bd2 b6 18. Rac1 Bb7 19. b3 Rd7 20. Bf1 a6 21. Be3 Kf8 22. Be2 Ke7 23. Kf1 a5 24. Ke1 Ba6 25. Bf3 Kd8 26. Bxd5 Rxd5 27. Rc6 Rb8 28. Rdc1 Bb5 29. Rc7 Rd7 30. Rxd7+ Kxd7 31. Bf4 Rb7 32. Kd2 Bc6 33. Ke3 h6 34. h4 f6 35. h5 Ra7 36. a3 Bd5 37. Rc3 b5 38. b4 Bc6 39. d5 Bxd5 40. g4 e5 41. Bg3 axb4 42. axb4 Ra4 43. f4 Rxb4 44. fxe5 Rxg4 45. Kf2 Bc4 46. exf6 gxf6 47. Rf3 Ke6 48. Re3+ Kf7 49. Rf3 Rg5 50. Bh4 Rxh5 51. Bxf6 Ke6 52. Bg7 Rh2+ 53. Kg3 Rh1 54. Rf6+ Ke7 55. Kg2 Bd5+ 56. Kf2 h5 57. Rh6 b4 58. Ke3 b3 59. Kd4 b2 60. Kxd5 b1=Q 0-1


[Site "https://www.chess.com"]

[Event "Titled Tuesday Blitz May 4 2021"]
[White "Lagunow, Raphael"]
[Black "Bendayan Claros, Aaron"]
[WhiteFideId "24652644"]
[BlackFideId "3803392"]
[WhiteElo "2400"]
[BlackElo "2166"]
[Result "0-1"]
[Round "09"]
[TimeControl "180+1"]
[Date "2021.05.04"]
[WhiteClock "0:00:18"]
[BlackClock "0:00:08"]

1. e4 c6 2. d4 d5 3. e5 Bf5 4. Nd2 e6 5. Nb3 Nd7 6. Nf3 Ne7 7. a4 Rc8 8. Be3 Bg6 9. Be2 Nf5 10. O-O Be7 11. a5 O-O 12. Rc1 c5 13. c4 cxd4 14. Bxd4 Nxd4 15. Nbxd4 dxc4 16. Bxc4 a6 17. Nb3 Nc5 18. Nxc5 Bxc5 19. Qb3 Qe7 20. Rfd1 Rfd8 21. Be2 Bb4 22. Rxd8+ Rxd8 23. Qa4 h6 24. h3 Rd5 25. Rc8+ Kh7 26. Qb3 Rxa5 27. Nh4 Qxh4 28. Rc4 Qg5 29. Rxb4 Qxe5 30. Bf1 b5 31. Qd1 Ra2 32. b3 Qb2 33. Rf4 Qe5 34. Rf3 a5 35. Re3 Qa1 36. Qxa1 Rxa1 37. f3 a4 38. bxa4 bxa4 39. Kf2 a3 40. Bc4 a2 41. Ra3 Bb1 42. Kg3 Bg6 43. Ra7 Rc1 44. Bxa2 Ra1 45. Ra6 h5 46. Bc4 Rxa6 47. Bxa6 Kh6 48. Kh4 Bc2 49. f4 f6 50. Kg3 g5 51. Kf2 Bb3 52. Kf3 Bd5+ 53. Kg3 Kg6 54. fxg5 fxg5 55. Be2 h4+ 56. Kf2 Kf5 57. g3 e5 58. Bg4+ Ke4 59. gxh4 gxh4 60. Bf3+ Kd4 61. Be2 Be4 62. Bg4 Kd5 63. Ke3 Bg2 64. Bc8 Bf1 65. Bb7+ Kd6 66. Bc8 Ke7 67. Bg4 Kf6 68. Ke4 Bg2+ 69. Ke3 Bd5 70. Bd7 Be6 71. Bxe6 Kxe6 72. Ke4 Kf6 73. Ke3 Kf5 74. Kf3 e4+ 75. Ke3 Ke5 76. Ke2 Kf4 77. Kf2 e3+ 78. Kg2 e2 79. Kg1 e1=Q+ 80. Kg2 Qg3+ 81. Kf1 Qxh3+ 0-1


[Site "https://www.chess.com"]

[Event "Titled Tuesday Blitz May 4 2021"]
[White "Landaw, Julian"]
[Black "Daulyte-Cornette, Deimante"]
[WhiteFideId "2023342"]
[BlackFideId "12802859"]
[WhiteElo "2312"]
[BlackElo "2285"]
[Result "0-1"]
[Round "09"]
[TimeControl "180+1"]
[Date "2021.05.04"]
[WhiteClock "0:00:03"]
[BlackClock "0:00:29"]

1. e4 Nf6 2. e5 Nd5 3. d4 d6 4. c4 Nb6 5. exd6 cxd6 6. Be3 g6 7. Nc3 Bg7 8. Rc1 O-O 9. b3 Bf5 10. Nf3 d5 11. c5 Nc8 12. b4 a6 13. Be2 Nc6 14. Qb3 Bg4 15. Rd1 Bxf3 16. Bxf3 e6 17. h4 N8e7 18. Ne2 Nf5 19. h5 Qf6 20. a3 Nh4 21. Bf4 g5 22. Bd6 Rfe8 23. Kf1 Nf5 24. g4 Nfxd4 25. Nxd4 Nxd4 26. Rxd4 Qxd4 27. Kg2 f5 28. gxf5 g4 29. Bd1 exf5 30. Bc2 f4 31. Rd1 Qf6 32. Qxd5+ Kh8 33. Qd3 f3+ 34. Kg3 Qh6 35. Bf4 Qxh5 0-1


[Site "https://www.chess.com"]

[Event "Titled Tuesday Blitz May 4 2021"]
[White "Langner, Ladislav"]
[Black "Gretarsson, Helgi Ass"]
[WhiteFideId "300403"]
[BlackFideId "2300699"]
[WhiteElo "2346"]
[BlackElo "2519"]
[Result "0-1"]
[Round "09"]
[TimeControl "180+1"]
[Date "2021.05.04"]
[WhiteClock "0:00:18"]
[BlackClock "0:00:16"]

1. e4 g6 2. d4 Bg7 3. c3 c5 4. Nf3 Qc7 5. Be3 Nf6 6. Nbd2 b6 7. Bd3 Bb7 8. O-O O-O 9. h3 d5 10. e5 Ne4 11. Bxe4 dxe4 12. Ng5 Qc6 13. Ngxe4 f5 14. exf6 exf6 15. f3 f5 16. Ng5 h6 17. Qb3+ c4 18. Nxc4 Qd5 19. Ne4 fxe4 20. fxe4 Qe6 21. Nd6 Rxf1+ 22. Rxf1 Qxb3 23. axb3 Ba6 24. c4 Nc6 25. e5 Rd8 26. Ra1 Bc8 27. d5 Na5 28. Nxc8 Rxc8 29. e6 Bxb2 30. Rd1 Bf6 31. d6 Nc6 32. e7 Ra8 33. Bxh6 Kf7 34. h4 Ke6 35. Bg5 Bxg5 36. hxg5 Kd7 37. Kf2 a5 38. Re1 Re8 39. Kf3 Kxd6 40. Rd1+ Kxe7 41. Rd5 Ke6 42. Rb5 Rb8 43. c5 Nd4+ 44. Ke4 Nxb5 45. c6 Rc8 46. Ke3 Rxc6 47. g4 Rc3+ 48. Ke2 Rxb3 49. Kd2 a4 50. Kc2 a3 51. Kxb3 Nd4+ 52. Kxa3 Ke5 53. Kb4 Kf4 54. Kc4 Kxg4 55. Kxd4 Kxg5 56. Kc4 Kf4 57. Kb5 g5 58. Kxb6 g4 59. Kc5 g3 60. Kc4 g2 61. Kd5 g1=Q 62. Ke6 Qe1+ 63. Kf7 Qa5 0-1


[Site "https://www.chess.com"]

[Event "Titled Tuesday Blitz May 4 2021"]
[White "Lazavik, Denis"]
[Black "Prithu Gupta"]
[WhiteFideId "13515110"]
[BlackFideId "46618546"]
[WhiteElo "2436"]
[BlackElo "1775"]
[Result "1-0"]
[Round "09"]
[TimeControl "180+1"]
[Date "2021.05.04"]
[WhiteClock "0:00:19"]
[BlackClock "0:00:08"]

1. d4 Nf6 2. c4 e6 3. Nf3 Bb4+ 4. Bd2 a5 5. g3 O-O 6. Bg2 d5 7. Qc2 c6 8. O-O b6 9. Bf4 Bd6 10. Bxd6 Qxd6 11. Nbd2 Nbd7 12. e4 dxe4 13. Nxe4 Nxe4 14. Qxe4 Ba6 15. Rac1 c5 16. Rfd1 Nf6 17. Qe5 Qe7 18. d5 Bb7 19. Re1 Rae8 20. Rcd1 b5 21. d6 Qd7 22. Qxc5 Bxf3 23. Bxf3 bxc4 24. Qxc4 Rb8 25. b3 Rfc8 26. Qa6 Rc2 27. Qxa5 Rd8 28. Rd2 Rxd2 29. Qxd2 Qxd6 30. Qxd6 Rxd6 31. Ra1 Kf8 32. a4 Rd3 33. Kg2 Rxb3 34. a5 Nd5 35. a6 Nb6 36. a7 Ke7 37. Ra6 1-0


[Site "https://www.chess.com"]

[Event "Titled Tuesday Blitz May 4 2021"]
[White "Lehtosaari, Mauri"]
[Black "Sokolov, Andrey M."]
[WhiteFideId "501999"]
[BlackFideId "4171438"]
[WhiteElo "2402"]
[BlackElo "2349"]
[Result "1-0"]
[Round "09"]
[TimeControl "180+1"]
[Date "2021.05.04"]
[WhiteClock "0:00:40"]
[BlackClock "0:00:19"]

1. d4 Nf6 2. Nf3 d5 3. Bg5 Ne4 4. Bf4 Bf5 5. c4 c6 6. Nc3 e6 7. Qb3 Qb6 8. c5 Qxb3 9. axb3 Na6 10. Ra4 f6 11. e3 e5 12. Bxa6 bxa6 13. Bg3 Rb8 14. Nxe4 Bxe4 15. Rxa6 Rxb3 16. Rxa7 Rxb2 17. O-O Bxf3 18. gxf3 exd4 19. exd4 Re2 20. Rb1 Re7 21. Rb8+ Kf7 22. Raa8 h5 23. h4 g5 24. Bd6 Re1+ 25. Kg2 Bxd6 26. Rxh8 Bf4 27. Rxh5 Kg6 28. Rhh8 Rd1 29. h5+ Kf5 30. h6 1-0


[Site "https://www.chess.com"]

[Event "Titled Tuesday Blitz May 4 2021"]
[White "Lejean-Anusca, Madalina-Maria"]
[Black "Minaya, Juan"]
[WhiteFideId "1215396"]
[BlackFideId "4400283"]
[WhiteElo "2002"]
[BlackElo "1839"]
[Result "1-0"]
[Round "09"]
[TimeControl "180+1"]
[Date "2021.05.04"]
[WhiteClock "0:02:14"]
[BlackClock "0:00:04"]

1. d4 g6 2. c4 Bg7 3. Nc3 d6 4. e4 Nd7 5. f3 e5 6. d5 Nh6 7. Be3 f5 8. Qd2 f4 9. Bf2 Nf7 10. g3 g5 11. Bh3 Nf6 12. Bg2 c5 13. g4 O-O 14. Nge2 a6 15. h4 h6 16. hxg5 hxg5 17. O-O-O Bd7 18. Kb1 Rb8 19. Nc1 b5 20. Bf1 bxc4 21. Bxc4 Rb4 22. Bb3 a5 23. Nd3 Rb8 24. Na4 Qc7 25. Rc1 1-0


[Site "https://www.chess.com"]

[Event "Titled Tuesday Blitz May 4 2021"]
[White "Li, Hui"]
[Black "WelshTiger"]
[WhiteFideId "15400310"]
[WhiteElo "1954"]
[BlackElo "2460"]
[Result "1-0"]
[Round "09"]
[TimeControl "180+1"]
[Date "2021.05.04"]
[WhiteClock "0:01:32"]
[BlackClock "0:00:21"]

1. e4 c6 2. d4 d5 3. Nd2 dxe4 4. Nxe4 Nf6 5. Nxf6+ exf6 6. Bc4 Bd6 7. Qe2+ Be7 8. Nf3 O-O 9. O-O Bg4 10. Re1 Bd6 11. Qe4 Bh5 12. Nh4 Nd7 13. Qf5 Bg6 14. Nxg6 hxg6 15. Qxg6 Nb6 16. Bh6 Bxh2+ 17. Kxh2 Qd6+ 18. Kg1 Qg3 19. Qxg3 g5 20. Bxg5 Kg7 21. Bf4+ Kh8 22. Bd3 f5 23. Bxf5 f6 24. Qh4+ Kg7 25. Qh7# 1-0


[Site "https://www.chess.com"]

[Event "Titled Tuesday Blitz May 4 2021"]
[White "Lizlov, Alexey"]
[Black "Srisshhhtea"]
[WhiteFideId "4179803"]
[WhiteElo "2272"]
[BlackElo "2388"]
[Result "0-1"]
[Round "09"]
[TimeControl "180+1"]
[Date "2021.05.04"]
[WhiteClock "0:00:06"]
[BlackClock "0:00:16"]

1. e4 e6 2. Nf3 d5 3. Nc3 Nf6 4. Qe2 dxe4 5. Nxe4 Be7 6. g3 Bd7 7. Ne5 Nc6 8. Nxd7 Qxd7 9. c3 e5 10. d3 O-O-O 11. Be3 Kb8 12. O-O-O Qd5 13. c4 Qa5 14. Nxf6 Bxf6 15. Kb1 Rhe8 16. Bg2 Nd4 17. Qd2 Qa4 18. Rhe1 a6 19. f4 exf4 20. Bxf4 Rxe1 21. Rxe1 Re8 22. Rxe8+ Qxe8 23. Qe3 Qd7 24. Qe4 Nc6 25. a3 Qd4 26. h4 Qxb2# 0-1


[Site "https://www.chess.com"]

[Event "Titled Tuesday Blitz May 4 2021"]
[White "Lonoff, Marc"]
[Black "Bongo Akanga Ndjila, Barthelemy"]
[WhiteFideId "2001349"]
[BlackFideId "10609431"]
[WhiteElo "2163"]
[BlackElo "1803"]
[Result "0-1"]
[Round "09"]
[TimeControl "180+1"]
[Date "2021.05.04"]
[WhiteClock "0:00:01"]
[BlackClock "0:00:11"]

1. c4 c5 2. Nc3 Nf6 3. g3 d5 4. cxd5 Nxd5 5. Bg2 Nc7 6. e3 Nc6 7. Nge2 e5 8. O-O Be7 9. f4 O-O 10. f5 f6 11. g4 Rb8 12. Ng3 Kh8 13. a3 c4 14. Qe2 Na5 15. Nge4 Na6 16. Rd1 Nb3 17. Rb1 b5 18. d4 Qc7 19. Nd5 Qb7 20. Nxe7 Qxe7 21. d5 Nac5 22. d6 Qe8 23. Bd2 Nd3 24. Bc3 Bd7 25. Rxd3 cxd3 26. Qxd3 a5 27. Be1 a4 28. Bb4 Bc6 29. Rd1 Qd7 30. h4 Rfd8 31. Nc5 Nxc5 32. Bxc5 Bxg2 33. Kxg2 Qc6+ 34. Qd5 Qxd5+ 35. Rxd5 Rd7 36. Bb4 g6 37. e4 Kg7 38. Kf3 Kf7 39. Ke3 gxf5 40. exf5 Ke8 41. g5 Rf7 42. Ke4 Kd7 43. gxf6 Rxf6 44. Rxe5 Re8 45. Rxe8 Kxe8 46. Ke5 Rh6 47. Be1 Kd7 48. f6 Rh5+ 49. Kf4 Kxd6 50. Bc3 Rxh4+ 51. Kg5 Rh1 52. Kf5 h5 53. Bb4+ Kd7 54. f7 Rf1+ 55. Kg6 Rg1+ 0-1


[Site "https://www.chess.com"]

[Event "Titled Tuesday Blitz May 4 2021"]
[White "Lopez Gracia, Fernando"]
[Black "Araujo Filho, Luiz Antonio Coel"]
[WhiteFideId "2207184"]
[BlackFideId "2130661"]
[WhiteElo "2321"]
[BlackElo "2226"]
[Result "1-0"]
[Round "09"]
[TimeControl "180+1"]
[Date "2021.05.04"]
[WhiteClock "0:02:16"]
[BlackClock "0:02:15"]

1. c4 f5 2. Nc3 Nf6 3. g3 g6 4. Bg2 Bg7 5. d3 O-O 6. e4 fxe4 7. dxe4 d6 8. Nge2 e5 9. O-O Nc6 10. f4 Nh5 11. Be3 exf4 12. gxf4 Nf6 13. Kh1 Be6 14. b3 Qd7 15. Rc1 Bh3 16. Bg1 Bxg2+ 17. Kxg2 Qg4+ 18. Ng3 Nh5 19. Qxg4 1-0


[Site "https://www.chess.com"]